 Dungeon Crawl Stone Soup version 0.31.0-9-g3a7656b989 (webtiles) character file.

Game seed: 9112028280600189224

400 Bnni the Cutter (level 6, 0/31 (33) HPs)
             Began as a Vine Stalker Fighter on Jan 29, 2024.
             Slain by a wight
             ... wielding a +0 hand axe of freezing
              (6 damage)
             ... on level 4 of the Dungeon.
             The game lasted 00:02:47 (2596 turns).

Bnni the Cutter (Vine Stalker Fighter)              Turns: 2596, Time: 00:02:48

HP:   0/31 (33)     AC:  8    Str: 18    XL:     6   Next: 84%
MP:   0/7           EV:  9    Int:  8    God:
Gold: 181           SH:  5    Dex: 16    Spells: 5/5 levels left

rFire   . . .        a - +0 rapier
rCold   . . .        c - +0 buckler
rNeg    . . .        b - +0 scale mail
rPois   .            o - +0 helmet
rElec   .            (no cloak)
rCorr   .            p - +0 pair of gloves
SInv    .            (no boots)
Will    .....        (no amulet) Stlth
                     (no ring)
HPRegen 1.05/turn    (no ring)
MPRegen 0.10/turn

%: guardian spirit
@: mighty, drained
A: fangs 2, regeneration 1, magic shield, antimagic bite, no potion heal 2
a: no special abilities


You were on level 4 of the Dungeon.
You visited 1 branch of the dungeon, and saw 4 of its levels.

You collected 181 gold pieces.

Inventory:

Hand Weapons
 a - a +0 rapier (weapon)
Missiles
 l - 2 curare-tipped darts (quivered)
Armour
 b - a +0 scale mail (worn)
 c - a +0 buckler (worn)
 o - a +0 helmet (worn)
 p - a +0 pair of gloves (worn)
Scrolls
 e - a scroll of vulnerability {unknown}
 f - 2 scrolls of enchant armour {unknown}
 g - a scroll of teleportation {unknown}
 h - 2 scrolls of identify {unknown}
 j - a scroll of amnesia {unknown}
 k - a scroll of noise {unknown}
Potions
 d - 3 potions of might
 i - a potion of magic {unknown}
 m - a potion of degeneration {unknown}
 n - a potion of heal wounds {unknown}
 q - a potion of enlightenment {unknown}


   Skills:
 + Level 4.0 Fighting
 * Level 4.9 Short Blades
 - Level 2.4 Armour
 - Level 4.0 Shields


You had 5 spell levels left.
You didn't know any spells.
Your spell library contained the following spells:

 Spells                   Type           Power      Damage    Failure   Level
 Call Imp                 Summ           0%         N/A       95%         2
 Sublimation of Blood     Necr           0%         N/A       95%         2
 Summon Hydra             Summ           0%         N/A       100%        7


Dungeon Overview and Level Annotations

Branches:
Dungeon (4/15)
 Temple: D:4-7

Altars:
Ashenzari
Okawaru
Xom


Innate Abilities, Weirdness & Mutations

You have extremely sharp teeth.
Your natural rate of healing is unusually fast.
When hurt, damage is shared between your health and your magic reserves.
Your bite disrupts and absorbs the magic of your enemies.
Potions cannot restore your health.


Message History

The wight is moderately damaged.
The wight barely misses you.
You hit the wight. You bite the wight. You drain its power.
The wight is heavily damaged.
The wight hits you with a +0 scimitar!
You feel drained.
You hit the wight. You bite the wight, but do no damage.
The wight is severely damaged.
The wight hits you with a +0 scimitar!
You hit the wight but do no damage.
The wight is severely damaged.
The wight hits you with a +0 scimitar.
You feel drained.
You are too injured to fight recklessly!
You are too injured to fight recklessly!
You hit the wight.
The wight is severely damaged.
The wight hits you with a +0 scimitar!
* * * LOW HITPOINT WARNING * * *
You feel drained.
Okay, then.
You feel very mighty all of a sudden. The wight hits you with a +0 scimitar.
* * * LOW HITPOINT WARNING * * *
You barely miss the wight.
The wight is severely damaged.
The wight hits you with a +0 scimitar.
* * * LOW HITPOINT WARNING * * *
Unknown command.
You completely miss the wight. Your bite misses the wight.
The wight is severely damaged.
The wight hits you with a +0 scimitar.
* * * LOW HITPOINT WARNING * * *
Unknown command.
You hit the wight.
You destroy the wight!
Your Fighting skill increases to level 4!
Unknown command.
You hit the wight.
The wight is moderately damaged.
The wight hits you with a +0 hand axe of freezing.
You die...

#.. ...........# #..
.#######.### #...
#.#### #.... #....##
...## ####..## .z.
##..#### #>## ##....##
#..####### ####..#
##...z@..# ##.# #
#######.#########.#.##
#.......>......#
###......#####.#
##.###...# # #.# ###.#
#.# ... #.# .## #.. ##


You could see a wight.

Vanquished Creatures
  Grinder (D:3)
  A wight (D:4)
  Jessica (D:3)
  Robin (D:3)
  3 adders (D:2)
  A dart slug (D:1)
  10 orcs
  3 endoplasms (D:1)
  6 giant cockroaches
  11 hobgoblins
  3 jackals (D:1)
  6 ball pythons
  4 bats
  3 frilled lizards (D:3)
  12 goblins
  7 kobolds
  2 rats
75 creatures vanquished.

Notes
Turn   | Place    | Note
-------+----------+-------------------------------------------
     0 | D:1      | Bnni the Vine Stalker Fighter began the quest for the Orb.
     0 | D:1      | Reached XP level 1. HP: 11/11 MP: 2/2
   111 | D:1      | Reached XP level 2. HP: 16/16 MP: 3/3
   317 | D:1      | Reached XP level 3. HP: 18/19 MP: 2/4
   960 | D:2      | Reached XP level 4. HP: 18/24 MP: 3/5
  1192 | D:2      | Noticed an eye of devastation
  1194 | D:2      | Found a faded altar of an unknown god.
  1196 | D:2      | Noticed a golden eye
  1196 | D:2      | Noticed an eye of devastation
  1196 | D:2      | Noticed a great orb of eyes
  1390 | D:3      | Noticed Grinder
  1522 | D:3      | Noticed Robin
  1559 | D:3      | Killed Robin
  1621 | D:3      | Identified the +1 leather armour of the Furies {Harm rPois
                  | rC-}
  1801 | D:3      | Noticed Jessica
  1807 | D:3      | Killed Jessica
  1808 | D:3      | Reached XP level 5. HP: 27/28 MP: 6/6
  1853 | D:3      | Killed Grinder
  1854 | D:3      | Reached XP level 6. HP: 24/33 MP: 7/7
  2431 | D:4      | Found a faded altar of an unknown god.
  2431 | D:4      | Found a faded altar of an unknown god.
  2446 | D:4      | Found a shimmering altar of Xom.
  2448 | D:4      | Found a broken altar of Ashenzari.
  2449 | D:4      | Found an iron altar of Okawaru.
  2596 | D:4      | Slain by a wight

Illustrated notes

Levels and vault maps discovered:
D:1:      wheals_arrival_linesprint, layout_rooms, serial_bayou_crossing
D:2:      layout_loops_cross, hellmonk_ecumenical_altar_watching_god,
          chequers_mini_garden, minmay_misc_feat_roman
D:3:      layout_loops_ring, serial_co_window_serial, co_window_paths_b,
          co_window_corner_a, co_window_paths_b, co_window_paths_a,
          co_window_corner_a, co_window_of_opportunity_a, co_window_paths_b,
          co_window_paths_b, co_window_paths_b, co_window_of_opportunity_b,
          co_window_of_opportunity_b, co_window_unsneaky_path_e, co_window_sun,
          glass_columns_b, glass_columns_a, uniq_grinder, uniq_jessica,
          uniq_robin
D:4:      layout_rooms, chequers_temple_overflow_minitemple,
          dreamdust_princess_corridor

Skill      XL: |  1  2  3  4  5  6 |
---------------+-------------------+-----
Short Blades   | 2 3 4 |  4.9
Shields        | 3 4 |  4.0
Fighting       | 3 4 |  4.0
Armour         | |  2.4

Action                     |  1- 3 |  4- 6 || total
---------------------------+-------+-------++-------
  Melee: Rapier            |   129 |   142 ||   271
         Bite              |    31 |    40 ||    71
    Use: Potion            |       |     1 ||     1
 Armour: Scale mail        |   100 |   104 ||   204
  Dodge: Dodged            |    80 |    37 ||   117
  Block: Buckler           |    32 |    24 ||    56
